 Dungeon Crawl Stone Soup version 0.30-b1-6-gad0e9d6a2d (webtiles) character file.

Game seed: 14741110704464475608

37 Rrauwl the Sneak (level 3, -3/33 HPs)
             Began as a Hill Orc Delver on May 5, 2023.
             Succumbed to a scorpion's poison
             ... on level 3 of the Dungeon.
             The game lasted 00:03:39 (524 turns).

Rrauwl the Sneak (Hill Orc Delver)                   Turns: 524, Time: 00:03:40

Health: -3/33      AC:  5    Str: 16    XL:     3   Next: 41%
Magic:  3/3        EV: 11    Int: 10    God:
Gold:   9          SH:  0    Dex: 12    Spells: 2/2 levels left

rFire   . . .        a - +0 hand axe (heavy)
rCold   . . .        (no shield)
rNeg    . . .        k - +0 ring mail
rPois   .            (no helmet)
rElec   .            (no cloak)
rCorr   .            (no gloves)
SInv    .            (no boots)
Will    +....        (no amulet)
Stlth   ++           h - ring of willpower
HPRegen 0.25/turn    (no ring)
MPRegen 0.08/turn

%: no passive effects
@: lethally poisoned (-3 -> -22)
A: no striking features
a: no special abilities


You were on level 3 of the Dungeon.
You visited 1 branch of the dungeon, and saw 3 of its levels.

You collected 9 gold pieces.

Inventory:

Hand Weapons
 a - a +0 heavy hand axe (weapon)
 b - a +2 whip of draining
 j - a +0 war axe
Armour
 k - a +0 ring mail (worn)
Jewellery
 h - a ring of willpower (left hand)
Wands
 g - a wand of digging (3)
 i - a wand of flame (18)
Scrolls
 c - a scroll of fog
 d - a scroll of magic mapping
 e - a scroll of fear


   Skills:
 + Level 3.7 Fighting
 + Level 3.3 Axes
 + Level 0.4 Armour
 + Level 1.8 Dodging
 + Level 4.6 Stealth


You had 2 spell levels left.
You didn't know any spells.
Your spell library was empty.

Dungeon Overview and Level Annotations

Branches:
Dungeon (5/15)
 Temple: D:4-7

Altars:


Message History

No target in view!
No target in view!
You see here a giant cockroach corpse.
Things that are here:
a +0 dagger of speed; 5 poisoned darts; a kobold corpse An orc comes into view.
It is wielding a +3 dagger.
Found a whip.
Your extra speed is starting to run out.
The orc shouts!
Found a stone staircase leading up.
You completely miss the orc. The orc closely misses you.
You closely miss the orc. The orc misses you.
You slash the orc!
You kill the orc!
You hit the scorpion.
The scorpion is lightly wounded.
You feel yourself slow down. The scorpion stings you. x2
You hit the scorpion.
The scorpion is heavily wounded.
The scorpion stings you! The scorpion stings you.
You are poisoned.
The scorpion poisons you! The scorpion attacks as you move away!
The scorpion stings you.
You feel very sick.
Things that are here:
a +0 dagger of speed; 5 poisoned darts; a kobold corpse You aren't carrying any potions.
You barely miss the scorpion.
The scorpion is heavily wounded.
* * * LOW HITPOINT WARNING * * *
You feel very sick. The scorpion barely misses you. The scorpion stings you.
* * * LOW HITPOINT WARNING * * *
You are more poisoned.
The scorpion poisons you!
Unknown command.
You slash the scorpion!
The scorpion is almost dead.
You die...

. #. .. #.##
... ... ....
..#
#....##)###.#
#..<.......#
+....#)###
#......s.#
#.......#@#
.######.#†#
..#.# ##.#.#
..#.# ###.#
#.# #.# #.#


You could see a scorpion.

Vanquished Creatures
  An adder (D:4)
  A worm (D:3)
  9 orcs
  An endoplasm (D:4)
  A giant cockroach (D:3)
  A ball python (D:4)
  3 kobolds
17 creatures vanquished.

Notes
Turn   | Place    | Note
-------+----------+-------------------------------------------
     0 | D:5      | Rrauwl the Hill Orc Delver began the quest for the Orb.
     0 | D:5      | Reached XP level 1. HP: 19/19 MP: 1/1
   105 | D:4      | Reached XP level 2. HP: 18/25 MP: 2/2
   226 | D:4      | Reached XP level 3. HP: 29/33 MP: 3/3
   488 | D:3      | Noticed a scorpion
   524 | D:3      | Succumbed to a scorpion's poison

Illustrated notes

Levels and vault maps discovered:
D:3:      layout_basic, lemuel_tele_altar, slow_altar_2,
          amcnicky_mini_corridor_feature, nicolae_hexahallways
D:4:      layout_gridville, nzn_hepliaklqana_mist_gate,
          gammafunk_temple_overflow_statue, minmay_temple_entry_crystal_x,
          enter_ossuary_1, uniq_pikel
D:5:      layout_rooms, nicolae_dithmenos_shadow_blocks, dancing_weapons_uskayaw

Skill      XL: |  1 |
---------------+----+-----
Axes           | 3 |  3.3
Fighting       | |  3.7
Armour         | |  0.4
Dodging        | |  1.8
Stealth        | |  4.6

Action                     || total
---------------------------++-------
  Melee: Hand axe          ||    50
    Use: Potion            ||     1
 Armour: Leather armour    ||     2
         Ring mail         ||     3
  Dodge: Dodged            ||    32
